 Dungeon Crawl Stone Soup version 0.23-a0-558-g30802b1d75 (webtiles) character file.

97 Manul the Skirmisher (level 4, -2/37 HPs)
             Began as a Mummy Fighter on Dec 12, 2018.
             Slain by a gnoll
             ... wielding a +0 spear
              (7 damage)
             ... on level 2 of the Dungeon.
             The game lasted 00:02:12 (2039 turns).

Manul the Skirmisher (Mummy Fighter)                Turns: 2039, Time: 00:02:13

Health: -2/37      AC:  7    Str: 19    XL:     4   Next: 42%
Magic:  4/4        EV:  7    Int:  7    God:
Gold:   19         SH:  9    Dex: 12    Spells: 3/3 levels left

rFire    x . .     SeeInvis .   a - +0 flail
rCold    + . .     Gourm    .   c - +0 shield
rNeg     + + +     Faith    .   b - +0 scale mail
rPois    ∞         Spirit   .   d - +0 helmet
rElec    .         Reflect  .   (no cloak)
rCorr    .         Harm     .   (no gloves)
MR       .....                  (no boots)
Stlth    ..........             (no amulet)
HPRegen  0.12/turn              (no ring)
MPRegen  0.09/turn              (no ring)

@: no status effects
A: no food or potions, fire vulnerability, cold resistance 1, negative energy
resistance 3, torment resistance, unbreathing
a: no special abilities


You were on level 2 of the Dungeon.
You were not hungry.

You visited 1 branch of the dungeon, and saw 2 of its levels.

You collected 19 gold pieces.

Inventory:

Hand Weapons
 a - a +0 flail (weapon)
Armour
 b - a +0 scale mail (worn)
 c - a +0 shield (worn)
 d - a +0 helmet (worn)
Wands
 h - a wand of flame (18)
Scrolls
 e - 2 scrolls of remove curse {unknown}
 f - a scroll of magic mapping {unknown}
 g - a scroll of random uselessness {unknown}


   Skills:
 + Level 3.6 Fighting
 + Level 2.2 Maces & Flails
 + Level 2.7 Armour
 + Level 0.7 Dodging
 + Level 3.2 Shields


You had 3 spell levels left.
You didn't know any spells.
Your spell library was empty.

Dungeon Overview and Level Annotations

Branches:
Dungeon (2/15)

Altars:


Innate Abilities, Weirdness & Mutations

You do not eat or drink.
Your flesh is vulnerable to fire.
You are immune to poison.
Your flesh is cold resistant. (rC+)
You are immune to negative energy. (rN+++)
You are immune to unholy pain and torment.
You can survive without breathing.


Message History

You are too injured to fight recklessly!
You are too injured to fight recklessly!
You are too injured to fight recklessly!
You are too injured to fight recklessly!
You are too injured to fight recklessly!
You are too injured to fight recklessly!
You are too injured to fight recklessly!
You are too injured to fight recklessly!
You are too injured to fight recklessly!
You are too injured to fight recklessly!
You are too injured to fight recklessly!
You are too injured to fight recklessly!
You are too injured to fight recklessly!
You closely miss the gnoll.
The gnoll is heavily wounded.
The gnoll hits you but does no damage.
The gnoll hits you from afar with a +0 halberd!
* * * LOW HITPOINT WARNING * * *
The gnoll hits you with a +0 spear!
You die...

... . #.# . .# #.#
##. .# #.# ... .#
#.# #.###########
.. #.#
#.#..$.@ggg.# .#
#.# #.#.#######.#
.#####.# #.#.....#
.....#.###.#####.#
.###.#.......# #.#
..##.......#.# #.#
..##########.# #)#
.........#...# #.#
...#####.##.## #.#


You could see 3 gnolls.

Vanquished Creatures
  3 adders
  A gnoll (D:2)
  A worm (D:2)
  3 dart slugs
  2 leopard geckos
  2 giant cockroaches
  5 goblins
  4 hobgoblins
  4 jackals (D:1)
  8 kobolds
  A quokka (D:2)
  5 bats (D:1)
  A frilled lizard (D:1)
  11 rats
51 creatures vanquished.

Notes
Turn   | Place    | Note
-------+----------+-------------------------------------------
     0 | D:1      | Manul the Mummy Fighter began the quest for the Orb.
     0 | D:1      | Reached XP level 1. HP: 18/18 MP: 1/1
   125 | D:1      | Reached XP level 2. HP: 13/24 MP: 2/2
   641 | D:1      | Reached XP level 3. HP: 24/29 MP: 3/3
  1522 | D:2      | Reached XP level 4. HP: 20/35 MP: 4/4
  2039 | D:2      | Slain by a gnoll

Vault maps used:
D:1:      dpeg_arrival_three_same_balls, minmay_misc_feat_columns,
          nrook_mini_backslash, minmay_splitting_lines,
          chequers_serial_rivers_micro_b, nrook_loot_triangle
D:2:      cheibrodos_helix_gallery, first_ration

Skill      XL: |  1  2  3 |
---------------+----------+-----
Maces & Flails | 2 |  2.2
Shields        | 3 |  3.2
Fighting       | |  3.6
Armour         | |  2.7
Dodging        | |  0.7

Action                   |  1- 3 |  4- 6 || total
-------------------------+-------+-------++-------
Melee: Flail             |   164 |    29 ||   193
Armor: Scale mail        |   104 |    14 ||   118
Dodge: Dodged            |    78 |    11 ||    89
Block: Shield            |   116 |    18 ||   134

Table legend:
 A = Non-vault XP
 B = Vault XP
 C = Vault XP percentage of total XP
 D = Non-vault monster count
 E = Vault monster count
 F = Vault count percentage of total count
                 A         B        C        D         E       F
            +---------+---------+-------+---------+---------+-------
      Total |     123 |      16 |  11.5 |      49 |       2 |   3.9
            +---------+---------+-------+---------+---------+-------
        D:1 |      73 |       0 |   0.0 |      36 |       0 |   0.0
        D:2 |      50 |      16 |  24.2 |      13 |       2 |  13.3
            +---------+---------+-------+---------+---------+-------
